 Dungeon Crawl Stone Soup version 0.28-b1-25-g9875b3fc8c (webtiles) character file.

Game seed: 14460321160883397151

26 tilp the Chopper (level 2, 0/26 HPs)
             Began as a Minotaur Berserker on Feb 5, 2022.
             Was a Follower of Trog.
             Slain by a kobold (1 damage)
             ... on level 1 of the Dungeon.
             The game lasted 00:00:27 (218 turns).

tilp the Chopper (Minotaur Berserker)                Turns: 218, Time: 00:00:28

Health: 0/26       AC:  2    Str: 21    XL:     2   Next: 89%
Magic:  1/1        EV: 12    Int:  4    God:    Trog [*.....]
Gold:   8          SH:  0    Dex:  9    Spells: 1/1 levels left

rFire   . . .      SeeInvis .   a - +0 hand axe
rCold   . . .      Faith    .   (no shield)
rNeg    . . .      Spirit   .   b - +0 animal skin
rPois   .          Reflect  .   (helmet restricted)
rElec   .          Harm     .   (no cloak)
rCorr   .          Rampage  .   (no gloves)
Will    .....                   (no boots)
Stlth   +.........              (no amulet)
HPRegen 0.08/turn               (no ring)
MPRegen 0.07/turn               (no ring)

@: no status effects
A: horns 2, retaliatory headbutt
a: Renounce Religion, Berserk


You were on level 1 of the Dungeon.
You worshipped Trog.
Trog was aware of your devotion.
You visited 1 branch of the dungeon, and saw 1 of its levels.

You collected 8 gold pieces.

Inventory:

Hand Weapons
 a - a +0 hand axe (weapon)
Missiles
 c - 3 javelins (quivered)
Armour
 b - a +0 animal skin (worn)
Potions
 d - a potion of attraction {unknown}


   Skills:
 - Level 3.6 Fighting
 + Level 5.0 Axes
 - Level 2.4 Armour
 - Level 2.1 Dodging


You had one spell level left.
You didn't know any spells.
Your spell library was empty.

Dungeon Overview and Level Annotations

Branches:
Dungeon (1/15)

Altars:


Innate Abilities, Weirdness & Mutations

You have a pair of horns on your head.
You reflexively headbutt those who attack you in melee.


Message History

The quokka is almost dead.
You hit the jackal.
You kill the jackal!
Trog accepts your kill. The quokka closely misses you. You furiously retaliate!
You headbutt the quokka!
You kill the quokka!
Trog accepts your kill.
Your Axes skill increases to level 5!
You hit the endoplasm.
You kill the endoplasm!
Trog accepts your kill.
A kobold comes into view. It is wielding a +0 short sword.
You see here a jackal corpse.
A kobold is nearby!
A kobold is nearby!
You are too injured to fight recklessly!
You are too injured to fight recklessly!
You are too injured to fight recklessly!
Found a book of Hexes.
The kobold shouts!
The kobold closely misses you.
You closely miss the kobold. Your headbutt misses the kobold.
The kobold hits you with a +0 short sword.
* * * LOW HITPOINT WARNING * * *
You miss the kobold.
The kobold hits you with a +0 short sword.
* * * LOW HITPOINT WARNING * * *
You completely miss the kobold. Your headbutt misses the kobold.
The kobold hits you with a +0 short sword.
* * * LOW HITPOINT WARNING * * *
You hit the kobold.
The kobold is moderately wounded.
The kobold hits you with a +0 short sword.
* * * LOW HITPOINT WARNING * * *
Unknown command.
You barely miss the kobold.
The kobold is moderately wounded.
The kobold hits you with a +0 short sword.
You die...

#............
##......#...
#..#####..).
###.######).##
###†..###.......
#####.†.......##...#
..###.....†########...##
#.....##..## ....###
#...K@.## ..#.#
#......## # #. ..:..##..
.. ..## ##.# .# . .. .##
.# .#


You could see a kobold.

Vanquished Creatures
  2 dart slugs (D:1)
  2 ball pythons (D:1)
  2 endoplasms (D:1)
  A goblin (D:1)
  6 jackals (D:1)
  A quokka (D:1)
  3 frilled lizards (D:1)
  2 kobolds (D:1)
19 creatures vanquished.

Notes
Turn   | Place    | Note
-------+----------+-------------------------------------------
     0 | D:1      | tilp the Minotaur Berserker began the quest for the Orb.
     0 | D:1      | Reached XP level 1. HP: 19/19 MP: 0/0
   113 | D:1      | Reached skill level 4 in Axes
   118 | D:1      | Reached XP level 2. HP: 23/26 MP: 1/1
   209 | D:1      | Reached skill level 5 in Axes
   217 | D:1      | HP: 1/26 [kobold (4)]
   218 | D:1      | Slain by a kobold

Illustrated notes

Levels and vault maps discovered:
D:1:      mrwooster_arrival_statue_3, layout_rooms,
          hellmonk_ecumenical_altar_heavens_door, chequers_garden

Skill      XL: |  1  2 |
---------------+-------+-----
Axes           | 4 5 |  5.0
Fighting       | |  3.6
Armour         | |  2.4
Dodging        | |  2.1

Action                   || total
-------------------------++-------
Melee: Hand axe          ||    29
Armor: Animal skin       ||     3
Dodge: Dodged            ||    20
